 Dungeon Sprint DCSS version 0.29-a0-222-g5b244fca1f (webtiles) character file.

Game seed: 8728769251554486351

873 mhtbhm the Basher (level 8, -7/90 HPs)
             Began as a Gargoyle Berserker on Feb 27, 2022.
             Was a High Priest of Trog.
             Mangled by a human
             ... wielding a +0 scythe
              (13 damage)
             ... in the Dungeon (Sprint III: "The Ten Rune Challenge").
             The game lasted 00:01:06 (792 turns).

mhtbhm the Basher (Gargoyle Berserker)               Turns: 792, Time: 00:01:07

Health: -7/90      AC: 13    Str: 23    XL:     8   Next: 4%
Magic:  8/8        EV: 13    Int:  8    God:    Trog [*****.]
Gold:   16         SH:  0    Dex: 13    Spells: 7/7 levels left

rFire   . . .      SeeInvis .   a - +0 mace
rCold   + . .      Faith    .   (no shield)
rNeg    + . .      Spirit   .   b - +0 ring mail
rPois   ∞          Reflect  .   (no helmet)
rElec   +          Harm     .   i - +0 cloak
rCorr   .          Rampage  .   (no gloves)
Will    .....      NoTele   +   (no boots)
Stlth   ..........              (no amulet)
HPRegen 0.25/turn               (no ring)
MPRegen 0.11/turn               (no ring)

@: berserking (expiring), very quick
A: sickness immunity, AC +5, negative energy resistance 1, electricity
resistance, torment resistance 1, petrification resistance, agile 2, cold
resistance 1
a: Renounce Religion, Berserk, Trog's Hand, Brothers in Arms


You were in the Dungeon.
You worshipped Trog.
Trog was extremely pleased with you.
You visited 1 branch You collected 16 gold pieces.

Inventory:

Hand Weapons
 a - a +0 mace (weapon)
Armour
 b - a +0 ring mail (worn)
 i - a +0 cloak (worn)
Wands
 o - a wand of flame (13)
Scrolls
 h - a scroll of blinking
 j - 2 scrolls of holy word {unknown}
 k - 2 scrolls of identify {unknown}
Potions
 c - 2 potions of curing
 d - a potion of heal wounds
 e - a potion of haste
 f - 2 potions of magic
 g - a potion of berserk rage
 l - a potion of cancellation {unknown}
 m - 2 potions of flight
 n - 4 potions of mutation


   Skills:
 + Level 11.0 Fighting
 + Level 11.4 Maces & Flails
 + Level 7.6 Armour
 + Level 5.0 Dodging
 + Level 0.6 Stealth


You had 7 spell levels left.
You didn't know any spells.
Your spell library was empty.

Dungeon Overview and Level Annotations

Branches:
Dungeon (1/1)

Altars:
Dithmenos
Elyvilon
Kikubaaqudgha
Okawaru
Ru
Sif Muna
Trog
Uskayaw
Vehumet
Wu Jian
Yredelemnul
Zin
The Shining One
Beogh


Innate Abilities, Weirdness & Mutations

You are immune to sickness and miasma.
Your stone body is resilient. (AC +5)
You are immune to poison.
You resist negative energy. (rN+)
You are resistant to electric shocks. (rElec)
You are resistant to unholy torment.
You are immune to petrification.
You are very agile. (Dex +4)
Your flesh is cold resistant. (rC+)


Message History

The human is almost dead.
The human barely misses you. The human hits you.
You sock the human!
You kill the human!
Trog accepts your kill.
Trog will now gift you melee weapons as you gain piety.
The human hits you from afar with a +0 scythe!
* * * LOW HITPOINT WARNING * * *
Your Fighting skill increases to level 11!
Your Dodging skill increases to level 5!
You have reached level 8!
You feel stronger.
Press: ? - help, v - describe, . - travel
Here: a human, wielding a +0 scythe (berserk)
The floor.
The human closely misses you.
There is a roughly hewn altar of Beogh, spattered with blood here.
You see here a human corpse.
You barely miss the human. The human hits you with a +0 scythe.
* * * LOW HITPOINT WARNING * * *
You hit the human.
The human is lightly wounded.
The human barely misses you.
You sock the human!
The human is moderately wounded.
The human misses you.
You sock the human!
The human is heavily wounded.
You miss the human.
The human is heavily wounded.
The human hits you with a +0 scythe.
* * * LOW HITPOINT WARNING * * *
You hit the human. Your punch misses the human.
The human is severely wounded.
The human hits you with a +0 scythe.
* * * LOW HITPOINT WARNING * * *
You thump the human!
The human is severely wounded.
The human hits you with a +0 scythe!
You die...

▓ ▓▓▓ ####
##.############
...#####..#___#___#__#
....#..#..#...#_@p#._#
#.).#..#..###'#'###)##
##..##'#..#...)......#
##..###...'.⌠........#
#..####...#...######+#
#..###....#.⌠.#
...##.....#...#
...#†.....#)###
.##.#)....#)::#


You could see a human (berserk).

Vanquished Creatures
  A deep elf pyromancer (D)
  A necrophage (D)
  A water elemental (D)
  Crazy Yiuf (D)
  A wizard (D)
  Jessica (D)
  A necromancer (D)
  2 humans (D)
  A kobold demonologist (D)
  2 endoplasms (D)
  A rat (D)
13 creatures vanquished.

Notes
Turn   | Place    | Note
-------+----------+-------------------------------------------
     0 | D        | mhtbhm the Gargoyle Berserker began the quest for the Orb.
     0 | D        | Reached XP level 1. HP: 14/14 MP: 1/1
   197 | D        | Reached ** piety under Trog
   199 | D        | Noticed Jessica
   205 | D        | Killed Jessica
   206 | D        | Reached skill level 5 in Fighting
   206 | D        | Reached XP level 2. HP: 21/21 MP: 2/2
   206 | D        | Reached XP level 3. HP: 26/26 MP: 3/3
   216 | D        | Noticed Crazy Yiuf
   225 | D        | Reached skill level 5 in Maces & Flails
   227 | D        | Killed Crazy Yiuf
   228 | D        | Reached XP level 4. HP: 24/32 MP: 4/4
   372 | D        | Gained mutation: You are agile. (Dex +2) [potion of
                  | mutation]
   372 | D        | Gained mutation: Your body sometimes deteriorates upon
                  | taking damage. [potion of mutation]
   372 | D        | Gained mutation: You sometimes lose the ability to read
                  | scrolls when taking damage. [potion of mutation]
   372 | D        | Gained mutation: Your flesh is heat resistant. (rF+)
                  | [potion of mutation]
   376 | D        | Lost mutation: You sometimes lose the ability to read
                  | scrolls when taking damage. [potion of mutation]
   376 | D        | Lost mutation: Your flesh is heat resistant. (rF+) [potion
                  | of mutation]
   376 | D        | Lost mutation: Your body sometimes deteriorates upon taking
                  | damage. [potion of mutation]
   376 | D        | Gained mutation: You are very agile. (Dex +4) [potion of
                  | mutation]
   376 | D        | Gained mutation: Your flesh is cold resistant. (rC+)
                  | [potion of mutation]
   380 | D        | Noticed a water elemental
   387 | D        | Killed a water elemental
   387 | D        | Reached *** piety under Trog
   388 | D        | Reached XP level 5. HP: 25/38 MP: 5/5
   554 | D        | Found a radiant altar of Vehumet.
   554 | D        | Found a shimmering blue altar of Sif Muna.
   554 | D        | Found an ancient bone altar of Kikubaaqudgha.
   613 | D        | Found a glowing silver altar of Zin.
   613 | D        | Found a glowing golden altar of the Shining One.
   613 | D        | Found a white marble altar of Elyvilon.
   614 | D        | Noticed a deep elf pyromancer
   620 | D        | Noticed a fire elemental
   620 | D        | Noticed a fire elemental
   622 | D        | Killed a deep elf pyromancer
   622 | D        | Reached **** piety under Trog
   623 | D        | Reached skill level 10 in Fighting
   623 | D        | Reached skill level 10 in Maces & Flails
   623 | D        | Reached XP level 6. HP: 46/48 MP: 6/6
   623 | D        | Reached XP level 7. HP: 51/53 MP: 7/7
   753 | D        | Found a basalt altar of Yredelemnul.
   753 | D        | Found a shadowy altar of Dithmenos.
   753 | D        | Found a sacrificial altar of Ru.
   777 | D        | Found a hide-covered altar of Uskayaw.
   777 | D        | Found an iron altar of Okawaru.
   777 | D        | Found a bloodstained altar of Trog.
   777 | D        | Found an ornate altar of the Wu Jian Council.
   777 | D        | Noticed a human
   778 | D        | Noticed a human
   784 | D        | Killed a human
   784 | D        | Reached ***** piety under Trog
   785 | D        | Reached skill level 5 in Dodging
   785 | D        | Reached XP level 8. HP: 19/60 MP: 8/8
   792 | D        | Mangled by a human

Illustrated notes

Levels and vault maps discovered:
D:        dungeon_sprint_mu [sprint_mu_entry_cave, sprint_mu_temple_rooms,
          sprint_mu_d1_spiders, sprint_mu_d2_genie, sprint_mu_d3_branching,
          sprint_mu_orc_legion, sprint_mu_elf_gauntlet, sprint_mu_hive_nellie,
          sprint_mu_lair_fedhas, sprint_mu_vaults_butterflies,
          sprint_mu_slime_circle, sprint_mu_shoals_archi,
          sprint_mu_snake_twists, sprint_mu_blade_basic, sprint_mu_crypt_lich,
          sprint_mu_tomb_spiral, sprint_mu_vestibule_basic,
          sprint_mu_gehenna_hellfire, sprint_mu_dis_giant,
          sprint_mu_tartarus_statrot, sprint_mu_cocytus_islands, sprint_mu_zot1]

Skill      XL: |  1  2  3  4  5  6  7 |
---------------+----------------------+-----
Fighting       | 5 6 7 10 11 | 11.0
Maces & Flails | 4 5 6 10 11 | 11.4
Armour         | 3 4 7 |  7.6
Dodging        | 2 3 4 5 |  5.0
Stealth        | |  0.6

Action                   |  1- 3 |  4- 6 |  7- 9 || total
-------------------------+-------+-------+-------++-------
Melee: Mace              |    18 |    22 |    24 ||    64
Invok: Berserk           |     2 |     3 |     1 ||     6
  Use: Potion            |       |     2 |       ||     2
Armor: Animal skin       |     2 |       |       ||     2
       Ring mail         |     3 |     2 |     2 ||     7
Dodge: Dodged            |     7 |     2 |     9 ||    18

Table legend: (Time is in decaauts)
 A = Elapsed time spent in this place.
 B = Non-inter-level travel time spent in this place.
 C = Inter-level travel time spent in this place.
 D = Time resting spent in this place.
 E = Time spent auto-exploring this place.
 F = Levels seen in this place.
 G = Mean time per level.
                   A        B        C        D        E       F      G
               +--------+--------+--------+--------+--------+-----+--------+
         Total |    838 |    838 |      0 |    577 |     66 |   1 |  838.0 |
       Dungeon |    838 |    838 |      0 |    577 |     66 |   1 |  838.0 |
               +--------+--------+--------+--------+--------+-----+--------+

Top non-repeatable levels by time:
       D: 838 daAuts
